cohdb
Replays
Latest Replays
All Replays
Popular Replays
Top Player Replays
Match Explorer
How It Works
Community
CoH3 Stats
Reddit
Sign in to upload your games and track your stats! →
Sign in with Steam
Match 45851687
Unlisted
Match 45851687
Overview
Messages
Build Orders
End
Kradschützen Motorcycle Team
Panzergrenadier Squad
250 Light Carrier
Construct Light Support Kompanie
Assault Grenadier Squad
Fire Support Elements
Panzerjäger Squad
2.5-tonne Medical Truck
MG34 Team
Flakvierling Half-track
Selects Italian Infantry
Selects Guastatori Squad
Guastatori Squad
Panzerjäger Mechanized Group
Construct Panzerarmee Kommand
Pak 38 Anti-tank Gun Team
Selects L6/40 Light Tank Combat Group
Selects Defensive Operations
Selects Prepared Positions
2.5-tonne Medical Truck
Walking Stuka Rocket Launcher
~TAB~ THUND3RCHUNKY
Whitehornet
Comoko
Grizzle
0
0
Comments
sign in to comment!
No comments posted yet!